 Dungeon Crawl Stone Soup version 0.28.0-45-g0d030f2227 (webtiles) character file.

Game seed: 17117706475216759823

121 issech the Cudgeller (level 4, -1/44 HPs)
             Began as a Troll Monk on Apr 16, 2022.
             Slain by Sigmund
             ... wielding a +3 scythe
              (11 damage)
             ... on level 2 of the Dungeon.
             The game lasted 00:05:26 (1733 turns).

issech the Cudgeller (Troll Monk)                   Turns: 1733, Time: 00:05:26

Health: -1/44      AC:  8    Str: 19    XL:     4   Next: 76%
Magic:  3/3        EV: 10    Int:  6    God:
Gold:   36         SH:  0    Dex: 14    Spells: 3/3 levels left

rFire   . . .      SeeInvis .   a - +0 mace
rCold   . . .      Faith    .   (no shield)
rNeg    . . .      Spirit   .   b - +0 robe
rPois   .          Reflect  .   (helmet restricted)
rElec   .          Harm     .   (no cloak)
rCorr   .          Rampage  .   (gloves unavailable)
Will    .....                   (boots unavailable)
Stlth   +.........              (no amulet)
HPRegen 0.94/turn               f - +4 ring of protection
MPRegen 0.08/turn               (no ring)

@: confused
A: large, unfitting armour, claws 3, regeneration 1, shaggy fur 1, tough skin 1
a: no special abilities


You were on level 2 of the Dungeon.
You visited 1 branch of the dungeon, and saw 2 of its levels.

You collected 36 gold pieces.

Inventory:

Hand Weapons
 a - a +0 mace (weapon)
Missiles
 c - 225 stones (quivered)
 g - 18 arrows
 i - 25 sling bullets
Armour
 b - a +0 robe (worn)
Jewellery
 f - a +4 ring of protection (left claw)
Scrolls
 d - a scroll of enchant armour {unknown}
 e - a scroll of silence {unknown}
Potions
 h - a potion of attraction {unknown}


   Skills:
 + Level 2.8 Fighting
 + Level 4.0 Maces & Flails
 + Level 3.0 Dodging
 + Level 1.4 Stealth


You had 3 spell levels left.
You didn't know any spells.
Your spell library was empty.

Dungeon Overview and Level Annotations

Branches:
Dungeon (2/15)

Altars:

Annotations:
D:2 Sigmund


Innate Abilities, Weirdness & Mutations

You are too large for most types of armour.
You have claws for hands.
Your natural rate of healing is unusually fast.
You are covered in fur. (AC +1)
You have tough skin. (AC +1)


Message History

Sigmund points at you and mumbles some strange words.
You resist with some effort.
You see here a +0 spear.
You throw a stone.
The stone hits Sigmund but does no damage.
Sigmund is lightly wounded.
Sigmund screams, "Don't try to resist!"
Sigmund barely misses you.
Items here: ))) [.
You sock Sigmund!
Sigmund is moderately wounded.
You barely miss Sigmund.
Sigmund is moderately wounded.
Sigmund mumbles some strange words.
Sigmund flickers and vanishes!
Deactivating autopickup; reactivate with Ctrl-A.
You miss something.
You hear some strange, mumbled words.
You are confused.
Something hits you!
You bump into the rock wall.
You bump into the rock wall.
Something hits you!
You bump into the rock wall.
Something hits you.
You bump into the rock wall.
You barely miss something. Something hits you!
You bump into the rock wall.
Something hits you!
* * * LOW HITPOINT WARNING * * *
You bump into the rock wall.
You feel less confused.
You hear some strange, mumbled words.
You are confused.
You see here a +0 spear.
Something hits you but does no damage.
Items here: ))) [.
You closely miss something. Something hits you.
* * * LOW HITPOINT WARNING * * *
You bump into the rock wall.
Something hits you but does no damage.
You bump into the rock wall.
You bump into the rock wall.
Something hits you!
You die...

.##'##.........# #..#...
.......#.......# #..#.#.
...............# #..#.#.
...............# #..#.#{
......##.......# #..#.#.
......##.......### #.....)
.................# ##.#.#.
......##########)# #..#.. ##.####
#@# ###.## ### #{# #.# #.# #.#
### #)# #.# #.##############.##
#.# .#................# #.#
..#.#######.####..############.##
###.##........................#..
###.##.####.###...^............##


There were no monsters in sight!

Vanquished Creatures
  2 adders (D:2)
  4 gnolls (D:2)
  2 dart slugs
  6 endoplasms
  3 giant cockroaches (D:2)
  9 goblins
  3 hobgoblins
  9 jackals
  2 quokkas (D:1)
  2 ball pythons (D:1)
  A bat (D:1)
  3 frilled lizards
  6 kobolds
  2 rats (D:1)
54 creatures vanquished.

Notes
Turn   | Place    | Note
-------+----------+-------------------------------------------
     0 | D:1      | issech the Troll Monk began the quest for the Orb.
     0 | D:1      | Reached XP level 1. HP: 22/22 MP: 0/0
   223 | D:1      | Reached XP level 2. HP: 27/29 MP: 1/1
   273 | D:1      | Reached skill level 3 in Maces & Flails
   639 | D:1      | Reached XP level 3. HP: 35/36 MP: 2/2
  1253 | D:2      | Reached XP level 4. HP: 40/44 MP: 3/3
  1350 | D:2      | Reached skill level 4 in Maces & Flails
  1671 | D:2      | Noticed Sigmund
  1733 | D:2      | Slain by Sigmund

Illustrated notes

Levels and vault maps discovered:
D:1:      minmay_arrival_shattered_statue, layout_basic
D:2:      layout_loops_ring, roderic_filled_cross, uniq_sigmund

Skill      XL: |  1  2  3  4 |
---------------+-------------+-----
Maces & Flails | 3 4 |  4.0
Dodging        | 3 |  3.0
Fighting       | |  2.8
Stealth        | |  1.4

Action                   |  1- 3 |  4- 6 || total
-------------------------+-------+-------++-------
Melee: Mace              |   127 |    68 ||   195
       Punch             |     2 |     1 ||     3
Throw: Stone             |       |     9 ||     9
 Stab: Sleeping          |     2 |       ||     2
Armor: Robe              |    64 |    24 ||    88
Dodge: Dodged            |    70 |    27 ||    97
